[Event "Titled Tuesday Blitz March 08 Late 2022"]
[White "Brunner, Nicolas"]
[Black "Erdogdu, Mert"]
[WhiteFideId "620246"]
[BlackFideId "6301495"]
[WhiteElo "2448"]
[BlackElo "2695"]
[Result "0-1"]
[Round "04"]
[TimeControl "180+1"]
[Date "2022.03.09"]
[WhiteClock "0:00:02"]
[BlackClock "0:00:11"]

1. d4 d5 2. c4 e6 3. Nf3 c5 4. cxd5 exd5 5. Nc3 Nc6 6. g3 Nf6 7. Bg2 Be7 8. O-O O-O 9. Bg5 cxd4 10. Nxd4 h6 11. Be3 Re8 12. Rc1 Bg4 13. h3 Be6 14. Na4 Rc8 15. Nxc6 bxc6 16. Bxa7 Qd7 17. Bc5 Bd8 18. Kh2 Rb8 19. b3 h5 20. Bd4 h4 21. Nc5 Qd6 22. Nd3 Bf5 23. Bc5 Qc7 24. Bf3 Ne4 25. Rg1 Ng5 26. Bg4 Bxg4 27. hxg4 Re4 28. f3 Re6 29. Qd2 Rh6 30. Nf4 hxg3+ 31. Kxg3 Nh3 32. Rh1 Bg5 33. Rxh3 Bxf4+ 34. Qxf4 Rxh3+ 35. Kxh3 Qxf4 36. Bf2 0-1


[Site "https://www.chess.com"]

[Event "Titled Tuesday Blitz March 08 Late 2022"]
[White "Bryakin, Mikhail"]
[Black "Dounis, Alexandros"]
[WhiteFideId "4165314"]
[BlackFideId "4213238"]
[WhiteElo "2417"]
[BlackElo "2204"]
[Result "1/2-1/2"]
[Round "04"]
[TimeControl "180+1"]
[Date "2022.03.08"]
[WhiteClock "0:00:04"]
[BlackClock "0:00:10"]

1. e4 e5 2. d4 exd4 3. Qxd4 Nc6 4. Qd3 f5 5. exf5 Nf6 6. Nc3 Bb4 7. Bd2 O-O 8. O-O-O d5 9. a3 Bc5 10. f3 Ne5 11. Qb5 Qd6 12. g4 Bd7 13. Qe2 Rfe8 14. Qg2 d4 15. Nb1 Bc6 16. h3 Qd5 17. Ne2 Nxf3 18. Nf4 Qa2 19. Bd3 Ne1 20. Qf2 Nxd3+ 21. cxd3 Bxh1 22. Rxh1 Bd6 23. Ne6 Rxe6 24. fxe6 Qd5 25. Re1 Re8 26. Qf5 Qc6+ 27. Kd1 Qa4+ 28. Kc1 Qc6+ 29. Kd1 Qa4+ 30. Ke2 Qb3 31. Kf1 Rf8 32. Kg2 Be7 33. g5 Nd5 34. Qe4 Ne3+ 35. Bxe3 dxe3 36. Qxe3 Qd5+ 37. Qe4 Qxg5+ 38. Qg4 Qd5+ 39. Qe4 Qg5+ 40. Qg4 Qf6 41. Qe2 Qg5+ 42. Qg4 1/2-1/2


[Site "https://www.chess.com"]

[Event "Titled Tuesday Blitz March 08 Late 2022"]
[White "Butti, Enrique"]
[Black "Goltseva, Ekaterina"]
[WhiteFideId "3700470"]
[BlackFideId "24173770"]
[WhiteElo "1753"]
[BlackElo "2623"]
[Result "0-1"]
[Round "04"]
[TimeControl "180+1"]
[Date "2022.03.09"]
[WhiteClock "0:00:03"]
[BlackClock "0:00:03"]

1. Nf3 Nf6 2. c4 e6 3. d4 d5 4. e3 dxc4 5. Bxc4 a6 6. O-O b5 7. Bd3 Bb7 8. a4 b4 9. Nbd2 Nbd7 10. Nc4 c5 11. b3 Be7 12. a5 O-O 13. Bb2 Nd5 14. Nfe5 N7f6 15. f4 Nc3 16. Bxc3 bxc3 17. Kh1 cxd4 18. exd4 Kh8 19. Bc2 Qd5 20. Ne3 Qd6 21. Qd3 Rad8 22. Rad1 Be4 23. Qxc3 Qb4 24. Qb2 Bxc2 25. Nxc2 Qb5 26. b4 Nd5 27. f5 f6 28. Nd3 exf5 29. Rxf5 Qc4 30. Nf4 Nc3 31. Rd3 Ne4 32. Rf3 Rc8 33. Ne3 Bxb4 34. Nxc4 Rxc4 35. h4 Bc3 36. Qb3 Rfc8 37. h5 Bxd4 38. Ng6+ hxg6 39. hxg6 Rc1+ 40. Kh2 Bg1+ 41. Kh3 Ng5+ 42. Rxg5 fxg5 43. Qf7 Bc5 0-1


[Site "https://www.chess.com"]

[Event "Titled Tuesday Blitz March 08 Late 2022"]
[White "Chyngyz, Sultai"]
[Black "Griffith, Kyron"]
[WhiteFideId "13803158"]
[BlackFideId "2046318"]
[WhiteElo "2113"]
[BlackElo "2536"]
[Result "0-1"]
[Round "04"]
[TimeControl "180+1"]
[Date "2022.03.09"]
[WhiteClock "0:00:09"]
[BlackClock "0:00:17"]

1. e4 d5 2. exd5 Nf6 3. Nc3 Nxd5 4. Nxd5 Qxd5 5. d4 Nc6 6. Be3 Bf5 7. c3 O-O-O 8. Nf3 e5 9. dxe5 Qe4 10. Qb3 Be6 11. Ng5 Bxb3 12. Nxe4 Bd5 13. Ng3 Nxe5 14. O-O-O Bxa2 15. Bxa7 Rxd1+ 16. Kxd1 Be7 17. Kc2 Be6 18. Bd4 Bd6 19. f4 Nc6 20. f5 Rg8 21. fxe6 fxe6 22. Bc4 Kd7 23. Re1 Nxd4+ 24. cxd4 Re8 25. Nh5 Re7 26. g3 c6 27. Nf4 Bxf4 28. gxf4 b5 29. Bd3 Rf7 30. Rf1 g6 31. Kd2 Kd6 32. Ke3 Ra7 33. Rf2 Ra1 34. Ke4 Re1+ 35. Re2 Rd1 36. b3 Rc1 37. Bc2 Rf1 38. Kd3 Rxf4 39. Kc3 Rg4 40. Bd3 h5 41. h3 Rh4 42. Bxg6 Rxh3+ 43. Kb4 Rh4 44. Be4 Rf4 45. Ka5 c5 46. dxc5+ Kxc5 47. b4+ Kd4 48. Bg6 h4 49. Kxb5 e5 50. Kc6 Rf6+ 51. Kb7 Rxg6 52. b5 e4 53. b6 Kd3 54. Rh2 Rh6 55. Kc7 Rh7+ 56. Kc8 Rh8+ 57. Kc7 e3 58. Rh3 Kd2 59. b7 e2 60. Rh2 Kd1 61. Rh1+ e1=Q 62. Rxe1+ Kxe1 63. b8=Q Rxb8 64. Kxb8 h3 65. Kc7 h2 66. Kd6 h1=Q 67. Ke5 Qf3 68. Kd6 Qe4 0-1


[Site "https://www.chess.com"]

[Event "Titled Tuesday Blitz March 08 Late 2022"]
[White "Corallo, Michael"]
[Black "Senft, Sean"]
[WhiteFideId "2024152"]
[BlackFideId "2044960"]
[WhiteElo "2327"]
[BlackElo "2510"]
[Result "0-1"]
[Round "04"]
[TimeControl "180+1"]
[Date "2022.03.09"]
[WhiteClock "0:00:01"]
[BlackClock "0:00:11"]

1. e4 c5 2. Nf3 d6 3. d4 cxd4 4. Nxd4 Nf6 5. Nc3 a6 6. Bg5 e6 7. f4 Qb6 8. Qd2 Nc6 9. O-O-O Nxd4 10. Qxd4 Qxd4 11. Rxd4 Be7 12. Be2 Bd7 13. Rhd1 Bc6 14. Bf3 h6 15. Bxf6 gxf6 16. a4 h5 17. b4 b5 18. axb5 axb5 19. Be2 Rb8 20. Kb2 h4 21. Ra1 Rg8 22. Ra6 Bd7 23. Bf1 Rg4 24. Ne2 f5 25. exf5 Bf6 26. Rxd6 Bxd4+ 27. Rxd4 exf5 28. Rd5 Be6 29. Re5 Kf8 30. h3 Rg6 31. Nd4 Bc4 32. Bxc4 bxc4 33. Kc3 Rxg2 34. Nxf5 Rh2 35. Re3 Ra8 36. Kb2 Ra4 37. Ra3 Rxa3 38. Kxa3 Rxc2 39. b5 c3 40. Kb3 Rb2+ 41. Kxc3 Rxb5 42. Nxh4 Rh5 43. Ng2 Rxh3+ 44. Kd4 Ke7 45. Ke4 Kf6 46. Ne3 Rh1 47. Nd5+ Ke6 48. Ne3 Ra1 49. Kf3 Ra3 50. Ke4 f5+ 51. Nxf5 Ra4+ 52. Nd4+ Kd6 53. Ke3 Kd5 54. Ne2 Ra3+ 55. Kf2 Ke4 56. Kf1 Ra1+ 57. Kf2 Ra2 58. Kf1 Ke3 0-1


[Site "https://www.chess.com"]

[Event "Titled Tuesday Blitz March 08 Late 2022"]
[White "Csonka, Balazs"]
[Black "Mikhalsky, Vladimir"]
[WhiteFideId "742910"]
[BlackFideId "14144352"]
[WhiteElo "2630"]
[BlackElo "2420"]
[Result "1/2-1/2"]
[Round "04"]
[TimeControl "180+1"]
[Date "2022.03.09"]
[WhiteClock "0:00:03"]
[BlackClock "0:00:14"]

1. e4 g6 2. d4 Bg7 3. Nf3 d6 4. Bc4 e6 5. Bb3 a6 6. O-O b6 7. c3 Bb7 8. Nbd2 Ne7 9. Re1 h6 10. Nf1 Nd7 11. a4 a5 12. Ng3 Nf6 13. e5 Nfd5 14. h4 Qd7 15. Bc4 Nf5 16. Nxf5 gxf5 17. Bb5 Bc6 18. c4 Nb4 19. Bd2 Nd3 20. Re3 Bxb5 21. axb5 dxe5 22. Rxd3 e4 23. Re3 exf3 24. Qxf3 O-O 25. Bc3 Kh7 26. Rd1 Rae8 27. Qh5 f4 28. Re4 f5 29. Rxf4 Qf7 30. Qxf7 Rxf7 31. Rf3 Rd8 32. Re3 Rd6 33. Red3 Rfd7 34. Kf1 Kg6 35. Ke2 f4 36. Kf3 Kf5 37. g4+ fxg3 38. fxg3 e5 39. Ke3 exd4+ 40. Bxd4 Re7+ 41. Kf3 Red7 42. Ke3 Re7+ 43. Kf3 Red7 44. g4+ Kg6 45. Ke4 Re7+ 46. Kf4 Rf7+ 47. Ke4 Re7+ 48. Kf3 Rf7+ 49. Ke4 Re7+ 1/2-1/2


[Site "https://www.chess.com"]

[Event "Titled Tuesday Blitz March 08 Late 2022"]
[White "Denishev, Marat"]
[Black "Pein, Jonathan"]
[WhiteFideId "24131563"]
[BlackFideId "417092"]
[WhiteElo "2548"]
[BlackElo "2384"]
[Result "1-0"]
[Round "04"]
[TimeControl "180+1"]
[Date "2022.03.09"]
[WhiteClock "0:01:31"]
[BlackClock "0:01:48"]

1. e4 e5 2. d4 exd4 3. c3 d3 4. Bxd3 g6 5. f4 Bg7 6. Nf3 d5 7. e5 Nh6 8. O-O O-O 9. Na3 c5 10. Be3 b6 11. Bf2 Ng4 12. Bh4 Ne3 13. Qe2 Qd7 14. Qxe3 Nc6 15. Rad1 a6 16. Rfe1 Bb7 17. Qf2 Rfe8 18. Ng5 Nd8 19. Bb1 Rc8 20. Nc4 h6 21. Nf3 Rc6 22. Nd6 Re6 23. Bxd8 Rcxd6 24. exd6 Qxd8 25. Rxe6 fxe6 26. Bxg6 Qxd6 27. Ne5 Bxe5 28. fxe5 Qxe5 29. Qf7+ 1-0


[Site "https://www.chess.com"]

[Event "Titled Tuesday Blitz March 08 Late 2022"]
[White "Derraugh, Geordie"]
[Black "Karttunen, Mika"]
[WhiteFideId "2603950"]
[BlackFideId "502081"]
[WhiteElo "2436"]
[BlackElo "2675"]
[Result "1-0"]
[Round "04"]
[TimeControl "180+1"]
[Date "2022.03.09"]
[WhiteClock "0:01:12"]
[BlackClock "0:00:15"]

1. e4 c5 2. c3 d5 3. exd5 Qxd5 4. Nf3 Nc6 5. d4 Bg4 6. Be2 cxd4 7. cxd4 e6 8. O-O Nf6 9. Nc3 Qa5 10. Be3 Bd6 11. Qb3 O-O 12. Qxb7 Ne7 13. Qb3 Rab8 14. Qc2 Rfc8 15. Rac1 Ned5 16. Qd2 Nxe3 17. fxe3 Bb4 18. Bd3 Bxf3 19. Rxf3 Nd5 20. Qf2 Bxc3 21. bxc3 Rxc3 22. Rxc3 Qxc3 23. e4 Qa1+ 24. Bf1 Nf6 25. Rxf6 Rb2 26. Qg3 Rb1 27. Rf2 Qxd4 28. Qf3 f6 29. g3 h5 30. Kg2 h4 31. gxh4 a5 32. Qd3 Qb6 33. e5 f5 34. Qd6 Qb7+ 35. Kg1 Kf7 36. Rd2 Qa7+ 37. Qd4 Qa6 38. Qd7+ Kg6 39. Rg2+ Kh5 40. Qf7+ Kxh4 41. Qe7+ Kh3 42. Rg3# 1-0


[Site "https://www.chess.com"]

[Event "Titled Tuesday Blitz March 08 Late 2022"]
[White "Desideri, Ricardo Maruchi"]
[Black "Kostiukov, Alexandr"]
[WhiteFideId "2110440"]
[BlackFideId "14108100"]
[WhiteElo "1945"]
[BlackElo "2202"]
[Result "0-1"]
[Round "04"]
[TimeControl "180+1"]
[Date "2022.03.09"]
[WhiteClock "0:00:04"]
[BlackClock "0:00:18"]

1. e4 c5 2. Nf3 g6 3. d4 cxd4 4. Nxd4 Nf6 5. Nc3 Nc6 6. Be3 Bg7 7. Bc4 O-O 8. h3 Nxe4 9. Nxe4 d5 10. Nxc6 bxc6 11. Bc5 dxc4 12. Qxd8 Rxd8 13. c3 Bf5 14. f3 Rab8 15. Rb1 Bxe4 16. fxe4 Bxc3+ 17. Ke2 Rd2+ 18. Ke3 Rdxb2 19. Rxb2 Rxb2 20. Bxe7 Bd2+ 21. Kf3 c3 22. a4 c2 23. Ba3 Rb1 0-1


[Site "https://www.chess.com"]

[Event "Titled Tuesday Blitz March 08 Late 2022"]
[White "Di Nicolantonio, Lucas"]
[Black "Andersson, Bjorn 1971"]
[WhiteFideId "680460"]
[BlackFideId "1702114"]
[WhiteElo "2381"]
[BlackElo "2207"]
[Result "0-1"]
[Round "04"]
[TimeControl "180+1"]
[Date "2022.03.09"]
[WhiteClock "0:00:02"]
[BlackClock "0:00:22"]

1. f4 c5 2. Nf3 Nc6 3. g3 d6 4. Bg2 g6 5. d3 Bg7 6. O-O Bd7 7. c3 Qc8 8. Rf2 Bh3 9. Bh1 h5 10. e4 Nh6 11. Ng5 Bd7 12. Na3 Ng4 13. Rf1 Rb8 14. h3 Nf6 15. Bg2 b5 16. Nc2 b4 17. Bd2 a5 18. Qe2 h4 19. e5 dxe5 20. fxe5 Nh5 21. e6 fxe6 22. Qe4 bxc3 23. Qxg6+ Kd8 24. Nf7+ Kc7 25. bxc3 Rb2 26. Rac1 Qg8 27. Nxh8 Qxh8 28. g4 Ng3 29. Bf4+ Be5 30. Bxe5+ Qxe5 31. Rfe1 Qf4 32. Qg7 Qd2 0-1


[Site "https://www.chess.com"]

[Event "Titled Tuesday Blitz March 08 Late 2022"]
[White "Dobrov, Vladimir"]
[Black "Dardha, Daniel"]
[WhiteFideId "4136594"]
[BlackFideId "240990"]
[WhiteElo "2614"]
[BlackElo "2482"]
[Result "1/2-1/2"]
[Round "04"]
[TimeControl "180+1"]
[Date "2022.03.08"]
[WhiteClock "0:02:19"]
[BlackClock "0:01:56"]

1. d4 Nf6 2. c4 e6 3. Nf3 d5 4. Nc3 c5 5. e3 a6 6. cxd5 exd5 7. Be2 Nc6 8. O-O cxd4 9. Nxd4 Bd6 10. Bf3 O-O 11. Nce2 Ne5 12. Bd2 Ne4 13. Bc3 Nxf3+ 14. Nxf3 Bg4 15. Qd4 Nxc3 16. Nxc3 Bxf3 17. gxf3 Qg5+ 18. Kh1 Qh5 19. f4 Qf3+ 20. Kg1 Qg4+ 21. Kh1 Qf3+ 22. Kg1 Qg4+ 23. Kh1 Qf3+ 1/2-1/2


[Site "https://www.chess.com"]

[Event "Titled Tuesday Blitz March 08 Late 2022"]
[White "Dolzhykova, Kateryna"]
[Black "Tanenbaum, Zachary"]
[WhiteFideId "14113414"]
[BlackFideId "2060850"]
[WhiteElo "2454"]
[BlackElo "2691"]
[Result "1/2-1/2"]
[Round "04"]
[TimeControl "180+1"]
[Date "2022.03.09"]
[WhiteClock "0:00:04"]
[BlackClock "0:00:04"]

1. e4 e5 2. Nf3 Nc6 3. Nc3 Nf6 4. d4 exd4 5. Nxd4 Bb4 6. Nxc6 bxc6 7. Bd3 d5 8. exd5 O-O 9. O-O cxd5 10. Bg5 c6 11. Qf3 Be7 12. h3 Rb8 13. b3 h6 14. Bf4 Bd6 15. Ne2 Be6 16. Nd4 Qd7 17. Rae1 c5 18. Nxe6 fxe6 19. Qg3 Nh5 20. Bxd6 Nxg3 21. Bxg3 Rbc8 22. c4 Kh8 23. Re2 Rf6 24. Rfe1 Rcf8 25. Be5 R6f7 26. Bg3 dxc4 27. Bxc4 Qd4 28. Bxe6 Re7 29. Bc4 Rxe2 30. Rxe2 a5 31. a4 Kh7 32. Kh2 Qd7 33. Re5 Qd4 34. Rd5 Qb2 35. Rxc5 Qd2 36. Rd5 Qe1 37. Bd3+ Kg8 38. Bc4 Kh8 39. Rd7 Qe4 40. Rd5 Qe1 41. Rd7 Re8 42. Ra7 Re7 43. Ra8+ Re8 44. Ra7 Re7 45. Ra8+ Kh7 46. Bd3+ g6 47. Bc4 h5 48. Bh4 Qe5+ 49. Bg3 Qe4 50. Rd8 h4 51. Bd6 Re6 52. Bxe6 Qxe6 53. Bc7 Qxb3 54. Bxa5 Qxa4 55. Bd2 Qc6 56. Rd4 g5 57. Bxg5 Qc7+ 58. f4 Kg6 59. Re4 Kf5 60. Re5+ Kg6 61. Re6+ Kf7 62. Rh6 Qc5 63. Rxh4 Kg6 64. Rh6+ Kg7 65. Rf6 Qc4 66. h4 Qd3 67. h5 Qe2 68. h6+ Kh7 69. Rf7+ Kg6 70. Rg7+ Kf5 71. h7 Qh5+ 72. Kg3 Ke4 73. Re7+ Kf5 74. Rg7 Ke4 75. Re7+ Kf5 76. Rf7+ Ke4 77. Rg7 Kf5 78. Kf2 Qh1 79. g4+ Ke4 80. Re7+ Kd3 81. Kg3 Qg1+ 82. Kh3 Qh1+ 83. Kg3 Qg1+ 84. Kh3 Qf1+ 85. Kh2 Qf2+ 86. Kh3 Qf3+ 87. Kh4 Qh1+ 88. Kg3 1/2-1/2


[Site "https://www.chess.com"]

[Event "Titled Tuesday Blitz March 08 Late 2022"]
[White "Dubov, Daniil"]
[Black "Bacrot, Etienne"]
[WhiteFideId "24126055"]
[BlackFideId "605506"]
[WhiteElo "2791"]
[BlackElo "2673"]
[Result "1-0"]
[Round "04"]
[TimeControl "180+1"]
[Date "2022.03.08"]
[WhiteClock "0:00:37"]
[BlackClock "0:00:01"]

1. d4 d5 2. Nf3 Nf6 3. c4 dxc4 4. e3 e6 5. Bxc4 c5 6. Qe2 a6 7. dxc5 Bxc5 8. O-O b5 9. Bd3 Bb7 10. Rd1 Qe7 11. a4 bxa4 12. Rxa4 O-O 13. Nbd2 Rd8 14. Ne4 Nxe4 15. Bxe4 Rxd1+ 16. Qxd1 Bxe4 17. Rxe4 Nd7 18. b3 Nb6 19. Bb2 Rd8 20. Qc2 f5 21. Rh4 Nd5 22. h3 Bxe3 23. fxe3 Nxe3 24. Qe2 Qc5 25. Nd4 f4 26. Nxe6 Qe7 27. Nxd8 Qxh4 28. Ne6 Qg3 29. Nxf4 Qxf4 30. Bc1 Qc4 31. bxc4 1-0


[Site "https://www.chess.com"]

[Event "Titled Tuesday Blitz March 08 Late 2022"]
[White "Fajdetic, Hrvoje"]
[Black "Estrada Nieto, Julian"]
[WhiteFideId "14501945"]
[BlackFideId "5101018"]
[WhiteElo "2172"]
[BlackElo "2246"]
[Result "0-1"]
[Round "04"]
[TimeControl "180+1"]
[Date "2022.03.09"]
[WhiteClock "0:00:03"]
[BlackClock "0:00:54"]

1. d4 d5 2. Bf4 Nf6 3. e3 c5 4. Nc3 Bg4 5. f3 Bf5 6. g4 Bg6 7. h4 h5 8. g5 Ng8 9. Nb5 Na6 10. c3 c4 11. Qa4 Qd7 12. b3 cxb3 13. axb3 Rc8 14. Nxa7 Qxa4 15. Rxa4 Rxc3 16. Bb5+ Kd8 17. Ne2 Rxb3 18. Bxa6 bxa6 19. Rxa6 Rb1+ 20. Kf2 Rxh1 21. Nc6+ Kd7 22. Ne5+ Kc8 23. Ra7 Rb1 24. Nc6 Rb7 25. Ra8+ Kd7 26. Ne5+ Ke6 27. Rxf8 Rb2 28. Nc6 Bd3 0-1


[Site "https://www.chess.com"]

[Event "Titled Tuesday Blitz March 08 Late 2022"]
[White "Fernandez Siles, Luis"]
[Black "Calcada, Lucas Galvan"]
[WhiteFideId "2209420"]
[BlackFideId "22746099"]
[WhiteElo "2212"]
[BlackElo "1402"]
[Result "1-0"]
[Round "04"]
[TimeControl "180+1"]
[Date "2022.03.09"]
[WhiteClock "0:00:38"]
[BlackClock "0:00:10"]

1. e4 c5 2. Nf3 d6 3. d4 cxd4 4. Nxd4 Nf6 5. Nc3 a6 6. Be3 e6 7. g4 Qc7 8. g5 Nfd7 9. h4 Nc6 10. f4 b5 11. a3 Bb7 12. Bg2 Rc8 13. h5 Nxd4 14. Qxd4 Rg8 15. g6 hxg6 16. hxg6 f6 17. O-O-O Nc5 18. Rh7 e5 19. Qd2 a5 20. Kb1 b4 21. axb4 axb4 22. Nb5 Qa5 23. Nxd6+ Bxd6 24. Qxd6 Ra8 25. Kc1 Rc8 26. Bxc5 Qxc5 27. Qd7+ Kf8 28. Qf7# 1-0


[Site "https://www.chess.com"]

[Event "Titled Tuesday Blitz March 08 Late 2022"]
[White "Fishbein, Alexander"]
[Black "Lopez Del Alamo, Antonio"]
[WhiteFideId "2000377"]
[BlackFideId "2227339"]
[WhiteElo "2638"]
[BlackElo "2315"]
[Result "1-0"]
[Round "04"]
[TimeControl "180+1"]
[Date "2022.03.09"]
[WhiteClock "0:02:15"]
[BlackClock "0:01:35"]

1. e4 c5 2. Nf3 e6 3. d4 cxd4 4. Nxd4 Nf6 5. Nc3 Nc6 6. Ndb5 d6 7. Bf4 e5 8. Bg5 a6 9. Na3 b5 10. Nd5 Be7 11. Nxe7 Qxe7 12. c3 h6 13. Bxf6 Qxf6 14. Nc2 O-O 15. Ne3 Ne7 16. a4 Bb7 17. Bd3 d5 18. exd5 Nxd5 19. Nxd5 Bxd5 20. Bh7+ Kxh7 21. Qxd5 Rfd8 22. Qe4+ Kg8 23. O-O Rab8 24. axb5 axb5 25. Rfd1 Rxd1+ 26. Rxd1 Qe6 27. h3 Qc4 28. Qxe5 b4 29. Qxb8+ 1-0


[Site "https://www.chess.com"]

[Event "Titled Tuesday Blitz March 08 Late 2022"]
[White "Galego, Luis"]
[Black "Cupid, Kevin"]
[WhiteFideId "1900072"]
[BlackFideId "7700512"]
[WhiteElo "2516"]
[BlackElo "2096"]
[Result "0-1"]
[Round "04"]
[TimeControl "180+1"]
[Date "2022.03.09"]
[WhiteClock "0:00:08"]
[BlackClock "0:00:36"]

1. e4 c6 2. d4 d5 3. e5 Bf5 4. Be3 Qb6 5. Qc1 e6 6. c4 dxc4 7. Bxc4 Qa5+ 8. Nc3 Ne7 9. Nf3 Bg4 10. Be2 Nf5 11. O-O Nd7 12. h3 Bh5 13. Ne4 Qd5 14. Nc3 Qa5 15. Rd1 Be7 16. Bg5 Bxf3 17. Bxf3 Bxg5 18. Qxg5 h6 19. Qf4 O-O 20. d5 cxd5 21. Nxd5 Rfe8 22. Nf6+ Nxf6 23. exf6 g5 24. Qg4 Qe5 25. Bxb7 Rab8 26. Bc6 Rec8 27. Be4 Rxb2 28. Bxf5 exf5 29. Qh5 Qxf6 30. Rd7 Rcc2 31. Rf1 Rxa2 32. h4 Kg7 33. hxg5 hxg5 34. Rb7 Rcb2 35. Rc7 Rc2 36. Rb7 Rd2 37. Rb8 Rd8 38. Rxd8 Qxd8 39. Qf3 Qd7 40. Rb1 Rd2 41. Rb7 Rd1+ 42. Kh2 Qd6+ 43. g3 Qh6+ 0-1


[Site "https://www.chess.com"]

[Event "Titled Tuesday Blitz March 08 Late 2022"]
[White "Goltsev, Dmitry"]
[Black "Martin Barcelo, Carles"]
[WhiteFideId "24176710"]
[BlackFideId "24561444"]
[WhiteElo "2607"]
[BlackElo "2404"]
[Result "1-0"]
[Round "04"]
[TimeControl "180+1"]
[Date "2022.03.09"]
[WhiteClock "0:01:16"]
[BlackClock "0:00:05"]

1. e4 c6 2. d4 d5 3. Nc3 dxe4 4. Nxe4 Nf6 5. Nxf6+ exf6 6. c3 Bd6 7. Bd3 O-O 8. Qc2 Re8+ 9. Be3 h5 10. h3 c5 11. Ne2 Nc6 12. O-O-O Qa5 13. a3 cxd4 14. Nxd4 Nxd4 15. Bxd4 Be6 16. Be3 Qc7 17. g4 h4 18. Rhe1 Rec8 19. Kb1 a6 20. g5 fxg5 21. Bxg5 b5 22. Bxh4 Rab8 23. Rg1 b4 24. axb4 a5 25. Bf6 Bf8 26. Rxg7+ Bxg7 27. Rg1 Qc6 28. Rxg7+ Kf8 29. Bh7 Ke8 30. Qd3 Qh1+ 31. Kc2 Bb3+ 32. Kxb3 Rxb4+ 33. cxb4 a4+ 34. Ka2 1-0


[Site "https://www.chess.com"]

[Event "Titled Tuesday Blitz March 08 Late 2022"]
[White "Golubev, Mikhail"]
[Black "Osmonbekov, Talaibek"]
[WhiteFideId "14100983"]
[BlackFideId "2017253"]
[WhiteElo "2374"]
[BlackElo "2135"]
[Result "0-1"]
[Round "04"]
[TimeControl "180+1"]
[Date "2022.03.09"]
[WhiteClock "0:00:01"]
[BlackClock "0:00:02"]

1. d4 e6 2. c4 f5 3. Nc3 Nf6 4. Nf3 Bb4 5. Bd2 O-O 6. g3 d6 7. Bg2 a5 8. O-O Bxc3 9. Bxc3 Ne4 10. Qc2 Nc6 11. Rad1 Qe8 12. d5 Nb4 13. Bxb4 axb4 14. Qb3 Qa4 15. dxe6 Bxe6 16. Nd4 Bd7 17. c5+ Qxb3 18. Nxb3 Rxa2 19. cxd6 cxd6 20. f3 Nf6 21. Rxd6 Rxb2 22. Nc5 Bc6 23. e4 fxe4 24. fxe4 Re8 25. Bh3 Nxe4 26. Be6+ Kh8 27. Rxc6 Nd2 28. Rf2 bxc6 29. Bd7 Rd8 30. Ne6 Ra8 31. Ng5 h6 32. Nf7+ Kh7 33. Ne5 Ra1+ 34. Kg2 h5 35. Bf5+ Kg8 36. Be6+ Kh7 37. Bf5+ Kg8 38. Be6+ Kh8 39. Ng6+ Kh7 40. Nf8+ Kh6 41. h4 c5 42. Kh3 c4 43. Nd7 c3 44. Rf8 Kh7 45. Bg8+ Kg6 46. Bf7+ Kh7 47. Bg8+ Kh6 48. Be6 Rh1+ 49. Kg2 Ne4+ 50. Kxh1 Nxg3+ 51. Kg1 Ne2+ 0-1


[Site "https://www.chess.com"]

[Event "Titled Tuesday Blitz March 08 Late 2022"]
[White "Golubka, Petro"]
[Black "Warakomska, Anna"]
[WhiteFideId "14114224"]
[BlackFideId "1130790"]
[WhiteElo "2689"]
[BlackElo "2423"]
[Result "1-0"]
[Round "04"]
[TimeControl "180+1"]
[Date "2022.03.09"]
[WhiteClock "0:00:25"]
[BlackClock "0:00:01"]

1. e3 d5 2. c4 c6 3. Nc3 Nf6 4. Nf3 e6 5. a3 Nbd7 6. d4 Bd6 7. g4 h6 8. Rg1 Qe7 9. h4 dxc4 10. Bxc4 b5 11. Bd3 Bb7 12. g5 hxg5 13. hxg5 Nd5 14. Nxd5 exd5 15. Bd2 Nb6 16. b3 Bxa3 17. Rxa3 Qxa3 18. Ne5 a5 19. Qf3 Qe7 20. g6 f6 21. Nf7 Rf8 22. Qf4 a4 23. Nd6+ Kd8 24. Bb4 a3 25. Ke2 a2 26. Ra1 Qc7 27. Nxb7+ Qxb7 28. Bxf8 Ke8 29. Bc5 Nd7 30. Bb4 c5 31. Bxc5 Nxc5 32. dxc5 Qc6 1-0


[Site "https://www.chess.com"]

[Event "Titled Tuesday Blitz March 08 Late 2022"]
[White "Hambleton, Aman"]
[Black "Moral Garcia, Serafin"]
[WhiteFideId "2606577"]
[BlackFideId "2201925"]
[WhiteElo "2663"]
[BlackElo "2449"]
[Result "1-0"]
[Round "04"]
[TimeControl "180+1"]
[Date "2022.03.09"]
[WhiteClock "0:01:40"]
[BlackClock "0:02:17"]

1. d4 Nf6 2. c4 g6 3. Nc3 d5 4. cxd5 Nxd5 5. Bd2 Nb6 6. Nf3 Bg7 7. Qc1 Nc6 8. Bh6 Bxh6 9. Qxh6 Nxd4 10. O-O-O c5 11. e3 1-0


[Site "https://www.chess.com"]

[Event "Titled Tuesday Blitz March 08 Late 2022"]
[White "Hollan, Martin"]
[Black "Petrova, Irina"]
[WhiteFideId "360937"]
[BlackFideId "14124122"]
[WhiteElo "2585"]
[BlackElo "2348"]
[Result "1-0"]
[Round "04"]
[TimeControl "180+1"]
[Date "2022.03.09"]
[WhiteClock "0:00:46"]
[BlackClock "0:00:20"]

1. d4 d6 2. Nf3 g6 3. h4 h5 4. Bg5 Bg7 5. e3 c5 6. c3 Nd7 7. Nbd2 b6 8. Bc4 Ngf6 9. Qb3 O-O 10. O-O-O cxd4 11. exd4 Bb7 12. Rhe1 b5 13. Bxb5 Rb8 14. Qa4 a6 15. Bxd7 Nxd7 16. Bxe7 Qb6 17. Nc4 Bh6+ 18. Ng5 Qc7 19. Bxd6 Qc8 20. Bxb8 Nxb8 21. Nd6 Qc7 22. Nxf7 Qxf7 23. Kb1 Qf5+ 24. Ka1 Bxg5 25. hxg5 Bxg2 26. Re8 Nc6 27. Rxf8+ Qxf8 28. d5 Nd8 29. d6 Bc6 30. Qxa6 Qf3 31. Qd3 Qxd1+ 32. Qxd1 h4 33. Qg4 1-0


[Site "https://www.chess.com"]

[Event "Titled Tuesday Blitz March 08 Late 2022"]
[White "Holt, Conrad"]
[Black "Vusatiuk, Vladimir"]
[WhiteFideId "2034387"]
[BlackFideId "14118610"]
[WhiteElo "2586"]
[BlackElo "2157"]
[Result "1-0"]
[Round "04"]
[TimeControl "180+1"]
[Date "2022.03.08"]
[WhiteClock "0:00:05"]
[BlackClock "0:00:02"]

1. d4 d5 2. c4 e6 3. Nc3 Nf6 4. cxd5 exd5 5. Bg5 Be7 6. e3 c6 7. Qc2 O-O 8. Bd3 Nbd7 9. Nge2 Re8 10. O-O Nf8 11. Rab1 g6 12. f3 Ne6 13. Bh6 c5 14. Qd2 cxd4 15. exd4 Ng7 16. g4 Ne6 17. Rbe1 Bd7 18. g5 Nh5 19. f4 Bc6 20. Bc2 b5 21. Ng3 Nhg7 22. h4 b4 23. Nce2 f5 24. Rf3 Bb5 25. Re3 Bd6 26. h5 Nxf4 27. Nxf4 Bxf4 28. Rxe8+ Nxe8 29. Qxf4 Nc7 30. hxg6 hxg6 31. Nxf5 gxf5 32. Qxf5 Qd7 33. Qg6+ Kh8 34. Qf6+ Kg8 35. Bf5 Qf7 36. Bg6 Qxf6 37. gxf6 Be8 38. Rxe8+ Nxe8 39. f7+ Kh8 40. f8=Q# 1-0


[Site "https://www.chess.com"]

[Event "Titled Tuesday Blitz March 08 Late 2022"]
[White "Ibarra Jerez, Jose Carlos"]
[Black "Svane, Rasmus"]
[WhiteFideId "2226332"]
[BlackFideId "4657101"]
[WhiteElo "2626"]
[BlackElo "2645"]
[Result "0-1"]
[Round "04"]
[TimeControl "180+1"]
[Date "2022.03.08"]
[WhiteClock "0:00:03"]
[BlackClock "0:00:06"]

1. Nf3 d5 2. g3 Nf6 3. Bg2 e6 4. O-O Be7 5. c4 O-O 6. b3 d4 7. Ne5 Bd6 8. Nd3 Nc6 9. c5 Be7 10. b4 a6 11. Na3 a5 12. bxa5 Nxa5 13. Qc2 Bd7 14. Ne5 Nc6 15. Nac4 Bxc5 16. Nxc6 Bxc6 17. Bxc6 bxc6 18. d3 Nd5 19. Bd2 Bb4 20. Bxb4 Nxb4 21. Qb2 c5 22. Rfc1 Nd5 23. Nd2 Nc3 24. Ne4 Nxe4 25. dxe4 Ra5 26. Rc4 Qa8 27. a4 Qxe4 28. Rac1 h5 29. Rxc5 Rxc5 30. Rxc5 h4 31. Qc2 Qxc2 32. Rxc2 hxg3 33. hxg3 Rc8 34. Rc4 c5 35. e3 e5 36. f4 f6 37. fxe5 fxe5 38. Kf2 Kf7 39. Kf3 Ke6 40. Ke4 Kd6 41. g4 Ra8 42. g5 g6 43. Kd3 Kd5 44. e4+ Kc6 45. Kc2 Rf8 46. Kb3 Rf3+ 47. Kb2 Re3 48. a5 Kb5 49. a6 Kxa6 50. Rxc5 Rxe4 51. Rc6+ Kb5 52. Rxg6 Rg4 53. Rg8 Kc4 54. g6 Kd3 55. g7 e4 56. Kb3 e3 57. Kb4 e2 58. Re8 Rxg7 0-1


[Site "https://www.chess.com"]